 Dungeon Crawl Stone Soup version 0.27-a0-1384-g1422d76b99 (webtiles) character file.

Game seed: 8736596035137133082

1488 sagitran the Poker (level 8, 0/54 HPs)
             Began as a Demonspawn Wanderer on June 30, 2021.
             Was a Believer of Yredelemnul.
             Slain by an ogre (27 damage)
             ... on level 7 of the Dungeon.
             The game lasted 00:34:09 (8036 turns).

sagitran the Poker (Demonspawn Wanderer)            Turns: 8036, Time: 00:34:10

Health: 0/54       AC:  6    Str: 17    XL:     8   Next: 51%
Magic:  10/10      EV: 17    Int: 10    God:    Yredelemnul [**....]
Gold:   54         SH:  0    Dex: 14    Spells: 5/9 levels left

rFire    . . .     SeeInvis +     - Unarmed
rCold    . . .     Faith    .   (no shield)
rNeg     + . .     Spirit   .   l - +2 leather armour {rN+}
rPois    .         Reflect  .   (no helmet)
rElec    .         Harm     .   f - +0 cloak
rCorr    .         Rampage  .   (gloves unavailable)
Will     +....                  q - +0 pair of boots
Stlth    ++........             (no amulet)
HPRegen  0.18/turn              x - ring of see invisible
MPRegen  0.12/turn              o - +4 ring of evasion

@: no status effects
A: claws 3, foul stench 1, powered by death 1, deformed body, frail 1,
strong-willed 1
a: Renounce Religion, Animate Remains, Recall Undead Slaves, Injury Mirror


You were on level 7 of the Dungeon.
You worshipped Yredelemnul.
Yredelemnul was pleased with you.
You visited 1 branch of the dungeon, and saw 7 of its levels.

You collected 346 gold pieces.
You spent 292 gold pieces at shops.

Inventory:

Hand Weapons
 a - a +2 spear
 c - a +0 dagger
 m - a +6 scythe of flaming
Missiles
 s - 4 boomerangs (quivered)
 y - 4 curare-tipped darts
 z - 2 atropa-tipped darts
Armour
 f - a +0 cloak (worn)
 l - a +2 leather armour of positive energy (worn)
 q - a +0 pair of boots (worn)
 t - a +2 robe of willpower
Jewellery
 b - a +4 ring of protection
 n - a ring of protection from fire
 o - a +4 ring of evasion (right claw)
 u - a ring of ice
 w - a ring of resist corrosion
 x - a ring of see invisible (left claw)
Wands
 A - a wand of flame (15)
Scrolls
 d - 2 scrolls of teleportation
 e - 2 scrolls of enchant armour
 g - a scroll of fog
 h - a scroll of identify
 i - a scroll of enchant weapon
 k - a scroll of silence
 p - a scroll of immolation
 v - a scroll of summoning
 B - a scroll of blinking
Potions
 j - a potion of degeneration


   Skills:
 + Level 4.1 Fighting
 + Level 5.5 Polearms
 + Level 0.3 Throwing
 + Level 3.2 Armour
 + Level 3.6 Dodging
 + Level 3.6 Stealth
 + Level 3.0 Unarmed Combat
 + Level 1.2 Spellcasting
 + Level 1.0 Hexes
 + Level 0.2 Transmutations
 + Level 1.0 Ice Magic
 + Level 0.1 Poison Magic
 + Level 3.0 Invocations
 + Level 1.0 Evocations


You had 5 spell levels left.
You knew the following spells:

 Your Spells              Type           Power      Damage    Failure   Level
a - Sting                 Tmut/Pois      4%         1d3       36%         1
b - Corpse Rot            Necr/Air       N/A        N/A       52%         2
c - Foxfire               Conj/Fire      0%         2x1d4     38%         1

Your spell library contained the following spells:

 Spells                   Type           Power      Damage    Failure   Level
 Sandblast                Erth           0%         2d4       38%         1
 Passwall                 Tmut/Erth      0%         N/A       50%         2
 Sublimation of Blood     Necr           0%         N/A       52%         2
 Inner Flame              Hex/Fire       1%         N/A       69%         3
 Mephitic Cloud           Conj/Pois/Air  0%         N/A       75%         3
 Conjure Flame            Conj/Fire      0%         6-21      77%         3
 Stone Arrow              Conj/Erth      0%         3d7       77%         3
 Petrify                  Tmut/Erth      0%         N/A       98%         4
 Sticky Flame             Conj/Fire      0%         2d3       99%         4
 Fireball                 Conj/Fire      0%         3d3       100%        5
 Lee's Rapid Deconstruct  Erth           0%         3d5*      100%        5


Dungeon Overview and Level Annotations

Branches:
Dungeon (7/15)             Temple (0/1) D:6

Altars:
Yredelemnul

Shops:
D:6 *!

Annotations:
D:4 Prince Ribbit


Innate Abilities, Weirdness & Mutations

You have claws for hands.
You may rarely emit foul miasma when damaged in melee.
You regenerate a little health from kills.
Armour fits poorly on your strangely shaped body.
You are frail. (-10% HP)
You are strong-willed. (Will+)


Message History

* * * LOW HITPOINT WARNING * * *
You feel better.
You are engulfed in a cloud of scalding steam.
The steam dragon bites you. The steam dragon barely misses you.
You claw the steam dragon!
The steam dragon is almost dead.
You are engulfed in a cloud of scalding steam.
You barely miss the steam dragon.
The steam dragon is almost dead.
The steam dragon barely misses you. The steam dragon completely misses you.
You claw the steam dragon!
You kill the steam dragon!
Yredelemnul accepts your kill.
Your Unarmed Combat skill increases to level 3!
Your Invocations skill increases to level 3!
You see here a steam dragon corpse.
You attempt to give life to the dead...
The dead are flying!
You start resting.
Magic restored.
You start resting.
Something unseen opens the door.
You start resting.
An ogre comes into view. It is wielding a +0 giant club.
What are your orders? t - Shout!
Orders for allies: a - Attack new target. r - Retreat! s - Stop attacking. g - Guard the area. f - Follow me.
Anything else - Cancel.
Gang up on whom?
Press: ? - help, Dir - move target, f - ogre
Aim: an ogre, wielding a +0 giant club (wandering, hasn't noticed you) Attack!
The ogre shouts!
Your steam dragon zombie completely misses the ogre.
Your steam dragon zombie barely misses the ogre.
The ogre hits you with a +0 giant club!!
Ouch! That really hurt!
You die...
Your body rises from the dead as a mindless zombie.

#........#.. #....)...#..
#........'.. #........#..
##########################'###
...............................
...............................
..............O.Z..............
.h..........<.@................
...............................
..........................#####
..........................#
..)..)..........>.........#
..ยง.......................#
##################'#####'## .'


You could see an ogre (ally target) and a friendly steam dragon zombie.

Vanquished Creatures
  Sigmund (D:2)
  A steam dragon (D:7)
  A sky beast (D:6)
  A black bear (D:5)
  2 ogres
  A kobold brigand (D:7)
  Blork the orc (D:6)
  3 scorpions
  A gnoll shaman (D:4)
  2 orc priests
  A centaur skeleton (D:3)
  A jelly (D:4)
  4 orc wizards
  7 adders
  An ufetubus (D:4)
  2 worms
  A dart slug (D:1)
  28 orcs
  2 bats (D:1)
  7 endoplasms
  2 giant cockroaches
  10 goblins
  8 hobgoblins
  4 jackals (D:4)
  2 quokkas (D:2)
  11 ball pythons
  5 frilled lizards
  10 kobolds
  11 rats
131 creatures vanquished.

Vanquished Creatures (collateral kills)
  A black bear (D:6)
  An adder (D:6)
  2 orcs (D:6)
  A kobold (D:7)
5 creatures vanquished.

Vanquished Creatures (others)
  An orc wizard (D:7)
  An orc (D:7)
  An adder zombie (D:6)
  An ogre zombie (D:4)
  6 orc zombies
  A sky beast zombie (D:6)
  7 foxfires
18 creatures vanquished.

Grand Total: 154 creatures vanquished

Notes
Turn   | Place    | Note
-------+----------+-------------------------------------------
     0 | D:1      | sagitran the Demonspawn Wanderer began the quest for the
                  | Orb.
     0 | D:1      | sagitran set off with the following items: a +2 spear, a +0
                  | robe, a +0 dagger; and the following spell memorised:
                  | Sting; and the following spells available to memorise:
                  | Corpse Rot, Sublimation of Blood, Mephitic Cloud
     0 | D:1      | Reached XP level 1. HP: 15/15 MP: 2/2
   146 | D:1      | Reached skill level 3 in Polearms
   173 | D:1      | Gained mutation: You have sharp fingernails. [demonic
                  | ancestry]
   173 | D:1      | Reached XP level 2. HP: 21/21 MP: 3/3
   188 | D:1      | Found a faded altar of an unknown god.
   755 | D:2      | Noticed Sigmund
  1080 | D:2      | Gained mutation: You have very sharp fingernails. [demonic
                  | ancestry]
  1080 | D:2      | Reached XP level 3. HP: 25/26 MP: 4/4
  1165 | D:2      | HP: 1/39 [adder (1)]
  1179 | D:2      | Learned a level 2 spell: Corpse Rot
  1830 | D:3      | Reached XP level 4. HP: 12/33 MP: 5/5
  2065 | D:3      | Found a basalt altar of Yredelemnul.
  2092 | D:3      | Became a worshipper of Yredelemnul the Dark
  3133 | D:4      | Noticed a scorpion
  3361 | D:4      | Killed a scorpion
  3362 | D:4      | Reached skill level 4 in Polearms
  3362 | D:4      | Reached skill level 1 in Dodging
  3362 | D:4      | Gained mutation: You regenerate a little health from kills.
                  | [demonic ancestry]
  3362 | D:4      | Reached XP level 5. HP: 20/40 MP: 6/6
  3591 | D:5      | Entered Level 5 of the Dungeon
  3614 | D:5      | Noticed an ice beast
  3911 | D:4      | Reached * piety under Yredelemnul
  3912 | D:4      | Reached skill level 1 in Armour
  4096 | D:4      | Noticed a steam dragon
  4446 | D:4      | Gained mutation: You have claws for hands. [demonic
                  | ancestry]
  4446 | D:4      | Reached XP level 6. HP: 30/47 MP: 7/7
  5047 | D:5      | Learned a level 1 spell: Foxfire
  5471 | D:6      | Noticed a sky beast
  5489 | D:6      | Killed a sky beast
  5495 | D:6      | Noticed Blork the orc
  5529 | D:7      | Noticed a steam dragon
  5714 | D:6      | Killed Blork the orc
  5715 | D:6      | Reached XP level 7. HP: 27/52 MP: 5/8
  5810 | D:6      | Your ally Blork died
  5830 | D:6      | Reached skill level 5 in Polearms
  5852 | D:6      | Found Wetyqy's Distillery.
  5930 | D:6      | Bought a potion of mutation for 112 gold pieces
  5930 | D:6      | Bought a potion of heal wounds for 70 gold pieces
  5930 | D:6      | Gained mutation: Your system is resistant to poisons.
                  | (rPois) [potion of mutation]
  5930 | D:6      | Gained mutation: You have a pair of small horns on your
                  | head. [potion of mutation]
  5959 | D:5      | Noticed Prince Ribbit
  6266 | D:2      | Killed Sigmund
  6267 | D:2      | Reached skill level 1 in Invocations
  6827 | D:5      | Reached skill level 1 in Unarmed Combat
  6840 | D:5      | Gained mutation: You may rarely emit foul miasma when
                  | damaged in melee. [demonic ancestry]
  6840 | D:5      | Reached XP level 8. HP: 55/60 MP: 9/9
  7203 | D:6      | Reached ** piety under Yredelemnul
  7234 | D:6      | Lost mutation: Your system is resistant to poisons. (rPois)
                  | [potion of mutation]
  7234 | D:6      | Lost mutation: You have a pair of small horns on your head.
                  | [potion of mutation]
  7234 | D:6      | Gained mutation: Your spells are a little easier to cast,
                  | but a little less powerful. [potion of mutation]
  7235 | D:6      | Lost mutation: Your spells are a little easier to cast, but
                  | a little less powerful. [potion of mutation]
  7235 | D:6      | Gained mutation: Armour fits poorly on your strangely
                  | shaped body. [potion of mutation]
  7235 | D:6      | Gained mutation: You are frail. (-10% HP) [potion of
                  | mutation]
  7235 | D:6      | Gained mutation: You are strong-willed. (Will+) [potion of
                  | mutation]
  7618 | D:6      | Found a staircase to the Ecumenical Temple.
  7734 | D:6      | Found Miox's Elemental Accessories.
  7758 | D:6      | Bought a wand of flame (15) for 110 gold pieces
  8036 | D:7      | Slain by an ogre

Illustrated notes

Levels and vault maps discovered:
D:1:      amcnicky_arrival_blooded_trapdoor, layout_loops_ring,
          shapermc_ecumenical_altar_venn
D:2:      layout_loops_corners, fountainhead, minmay_crystal_water, uniq_sigmund
D:3:      layout_rooms, yredelemnul_altar_generic
D:4:      minmay_inner_zag, layout_loops_ring, st_stairs_5, roderic_lattice_a
D:5:      layout_rooms, due_unseen_surprise, uniq_eustachio, uniq_prince_ribbit1
D:6:      layout_basic, minmay_temple_entry_stoned_glass, serial_shops,
          nicolae_shop_crystal, nicolae_elemental_shop, uniq_blork_the_orc
D:7:      layout_gridville, makhleb_heckhound_becter

Skill      XL: |  1  2  3  4  5  6  7  8 |
---------------+-------------------------+-----
Polearms       | 3 4 5 |  5.5
Stealth        | 2 3 |  3.6
Fighting       | 2 3 4 |  4.1
Dodging        | 1 2 3 |  3.6
Armour         | 1 2 3 |  3.2
Invocations    | 1 3 |  3.0
Unarmed Combat | 1 3 |  3.0
Throwing       | |  0.3
Spellcasting   | |  1.2
Hexes          | |  1.0
Transmutations | |  0.2
Ice Magic      | |  1.0
Poison Magic   | |  0.1
Evocations     | |  1.0

Action                   |  1- 3 |  4- 6 |  7- 9 || total
-------------------------+-------+-------+-------++-------
Melee: Spear             |   104 |   231 |    27 ||   362
       Unarmed           |       |       |   188 ||   188
       Headbutt          |       |       |    25 ||    25
Throw: Boomerang         |       |       |     6 ||     6
 Cast: Sting             |       |     2 |     1 ||     3
       Foxfire           |       |     4 |       ||     4
Invok: Animate Remains   |       |       |    15 ||    15
       Recall Undead Sla |       |       |     1 ||     1
  Use: Potion            |     2 |     4 |     6 ||    12
       Scroll            |       |     2 |     7 ||     9
 Stab: Sleeping          |     7 |     4 |     1 ||    12
       Distracted        |       |       |     1 ||     1
Armor: Robe              |    15 |     5 |       ||    20
       Leather armour    |       |    26 |    63 ||    89
Dodge: Dodged            |    39 |   134 |   206 ||   379

Table legend: (Time is in decaauts)
 A = Elapsed time spent in this place.
 B = Non-inter-level travel time spent in this place.
 C = Inter-level travel time spent in this place.
 D = Time resting spent in this place.
 E = Time spent auto-exploring this place.
 F = Levels seen in this place.
 G = Mean time per level.
                   A        B        C        D        E       F      G
               +--------+--------+--------+--------+--------+-----+--------+
         Total |   8030 |   7895 |    135 |   2945 |   1420 |   7 | 1147.1 |
       Dungeon |   8030 |   7895 |    135 |   2945 |   1420 |   7 | 1147.1 |
               +--------+--------+--------+--------+--------+-----+--------+

Top non-repeatable levels by time:
     D:4: 2479 daAuts
     D:2: 1915 daAuts
     D:6: 1341 daAuts
     D:3: 950 daAuts
     D:1: 831 daAuts
     D:5: 288 daAuts
     D:7: 224 daAuts
